 Dungeon Crawl Stone Soup version 0.25.0-1-g7eea58d2a3 (webtiles) character file.

Game seed: 16739322992629608976

210 HungrySpirit the Ducker (level 5, -2/30 HPs)
             Began as a Deep Elf Artificer on June 15, 2020.
             Killed from afar by an orc wizard (7 damage)
             ... with a magic dart
             ... on level 3 of the Dungeon.
             The game lasted 00:07:28 (5084 turns).

HungrySpirit the Ducker (Deep Elf Artificer)        Turns: 5084, Time: 00:07:29

Health: -2/30      AC:  3    Str:  9    XL:     5   Next: 57%
Magic:  10/10      EV: 13    Int: 17    God:
Gold:   147        SH:  0    Dex: 15    Spells: 8/8 levels left

rFire    . . .     SeeInvis .   q - +1 short sword (elec)
rCold    . . .     Gourm    .   (no shield)
rNeg     . . .     Faith    .   b - +0 leather armour
rPois    .         Spirit   .   (no helmet)
rElec    .         Reflect  .   (no cloak)
rCorr    .         Harm     .   (no gloves)
MR       .....                  (no boots)
Stlth    ++........             (no amulet)
HPRegen  0.10/turn              (no ring)
MPRegen  0.12/turn              (no ring)

@: no status effects
A: no striking features
a: no special abilities


You were on level 3 of the Dungeon.
You were not hungry.

You visited 1 branch of the dungeon, and saw 3 of its levels.
You also visited: Sewer.

You collected 147 gold pieces.

Inventory:

Hand Weapons
 q - a +1 short sword of electrocution (weapon)
Missiles
 l - 87 arrows
 t - 2 silver javelins (quivered)
Armour
 b - a +0 leather armour (worn)
Magical Staves
 w - an uncursed staff of poison
Jewellery
 c - an uncursed ring of see invisible {unknown}
 g - an uncursed amulet of magic regeneration {unknown}
Wands
 d - a wand of enslavement (6)
 e - a wand of random effects (15)
Scrolls
 h - 2 scrolls of teleportation {unknown}
 i - 2 scrolls of enchant armour {unknown}
 m - a scroll of random uselessness {unknown}
 n - a scroll of immolation {unknown}
 o - a scroll of fear {unknown}
 r - a scroll of identify {unknown}
 s - a scroll of noise {unknown}
 u - a scroll of magic mapping {unknown}
 x - 2 scrolls of blinking {unknown}
Potions
 a - 2 potions of haste {unknown}
 j - 6 potions of curing {unknown}
 k - a potion of lignification {unknown}
 p - 2 potions of heal wounds {unknown}
 v - a potion of might {unknown}
 z - a potion of brilliance {unknown}
 A - a potion of flight {unknown}
Comestibles
 f - 5 rations


   Skills:
 + Level 2.0 Fighting
 * Level 3.3 Short Blades
 + Level 3.6 Dodging
 - Level 3.0 Stealth
 + Level 2.3 Spellcasting
 - Level 3.2 Evocations


You had 8 spell levels left.
You didn't know any spells.
Your spell library was empty.

Dungeon Overview and Level Annotations

Branches:
Dungeon (3/15)              Sewer (visited)

Altars:


Message History

You barely miss something. Something hits you.
You miss something. Something hits you but does no damage. Something hits you.
You closely miss something. Something barely misses you.
You miss something. Something hits you.
You hit something. Lightning courses through something!
You hear some strange, mumbled words.
A puff of flame appears from out of thin air!
The puff of flame hits you. Something hits you but does no damage.
You closely miss something. Something hits you.
You miss something.
You hear some strange, mumbled words.
A magic dart appears from out of thin air!
The magic dart hits you!
* * * LOW HITPOINT WARNING * * *
Something hits you but does no damage.
You barely miss something.
You hear some strange, mumbled words.
A magic dart appears from out of thin air!
The magic dart hits you!
You die...

...≈≈.....≈≈.......
##≈##≈≈.≈≈##)......
#.##≈≈.≈÷##.......
#.................
#.......######.....
..####### ##.......
# # ######..#####.
....#######......##
##
#.[.oo{@...<######
#...######### #


You could see 2 orcs.

Vanquished Creatures
  Natasha (D:2)
  3 gnolls (D:3)
  A river rat (D:3)
  3 adders
  2 oozes
  A worm (D:2)
  3 leopard geckos
  3 orcs (D:3)
  6 giant cockroaches
  9 goblins
  6 hobgoblins
  20 jackals
  9 kobolds
  2 quokkas
  5 ball pythons
  7 bats
  11 frilled lizards
  5 rats
  4 plants (Sewer)
101 creatures vanquished.

Vanquished Creatures (others)
  2 jackals (D:1)
2 creatures vanquished.

Grand Total: 103 creatures vanquished

Notes
Turn   | Place    | Note
-------+----------+-------------------------------------------
     0 | D:1      | HungrySpirit the Deep Elf Artificer began the quest for the
                  | Orb.
     0 | D:1      | Reached XP level 1. HP: 11/11 MP: 5/5
   362 | D:1      | Reached skill level 1 in Fighting
   362 | D:1      | Reached XP level 2. HP: 7/16 MP: 6/6
   803 | D:1      | Reached skill level 1 in Spellcasting
  1253 | D:1      | Reached XP level 3. HP: 15/20 MP: 7/7
  2839 | D:2      | Found a faded altar of an unknown god.
  2847 | D:2      | Reached XP level 4. HP: 24/25 MP: 8/8
  3140 | D:2      | Noticed Natasha
  3143 | D:2      | Killed Natasha
  3394 | D:3      | Found a glowing drain.
  3568 | Sewer    | Entered a sewer
  4043 | Sewer    | Reached XP level 5. HP: 19/30 MP: 10/10
  5084 | D:3      | Killed from afar by an orc wizard

Illustrated notes

Levels and vault maps discovered:
D:1:      eino_arrival_druids_welcome, layout_basic
D:2:      layout_loops_ring, chequers_ecumenical_altar_simple, uniq_natasha
D:3:      layout_rooms, cheibrodos_sewer_entry_sluice, first_ration

Skill      XL: |  1  2  3  4  5 |
---------------+----------------+-----
Fighting       | 1 2 |  2.0
Spellcasting   | 1 2 |  2.3
Short Blades   | 2 3 |  3.3
Stealth        | 2 3 |  3.0
Dodging        | 3 |  3.6
Evocations     | |  3.2

Action                   |  1- 3 |  4- 6 || total
-------------------------+-------+-------++-------
Melee: Short sword       |   185 |   206 ||   391
Evoke: Wand              |    14 |    10 ||    24
 Stab: Sleeping          |     1 |       ||     1
  Eat: Chunk             |     6 |     8 ||    14
Armor: Leather armour    |    40 |    40 ||    80
Dodge: Dodged            |   135 |   117 ||   252
